Description

Note, this is a re-upload of https://lotv.spawningtool.com/build/69469/ with the layout fixed so that it can generate a SALT file.

This is not my build, I'm just uploading it to gain access to it in SALT.

Build Order

Get SALT Encoding   

  14  0:20  Pylon  
  16  0:40  Gateway  
  16  0:55  Assimilator  
  17  0:57  Assimilator  
  19  1:15  Gateway  
  20  1:30  Cybernetics Core  
  21  2:02  Pylon x2  Proxy one pylon.
  23  2:06  Warp Gate (Chrono Boost)  
  23  2:10  Stalker  Only Stalkers now, cut probes.
  27  2:23  Gateway  Proxy.
  32  2:52  Gateway  Proxy.
Spawning Tool Build Advisor. Get it on Overwolf

Go to:

Details

  • Created by: Bollard
  • Published on: Nov 03, 2019
  • Modified on: Nov 03, 2019
  • Patch: 4.7.1
Show
View Real Time Build Order
Export as new Build Order

Comments (1)

On April 15, 2020, 3:01 p.m., FullSend  said:

nice

Create an account to comment!